 Dungeon Crawl Stone Soup version 0.28-a0-655-g4eb62b627b (webtiles) character file.

Game seed: 9652336642187316428

34 runemasterragnar the Magician (level 3, 0/27 HPs)
             Began as a Djinni Hedge Wizard on Oct 13, 2021.
             Was a Follower of Wu Jian.
             Slain by Menkaure (19 damage)
             ... on level 4 of the Dungeon.
             The game lasted 00:03:27 (1933 turns).

runemasterragnar the Magician (Djinni Hedge Wizard) Turns: 1933, Time: 00:03:27

Health: 0/27       AC:  5    Str: 10    XL:     3   Next: 50%
Gold:   51         EV: 10    Int: 15    God:    Wu Jian [*.....] SH:  0 Dex: 12

rFire   + + .      SeeInvis .   a - +0 dagger (venom)
rCold   x . .      Faith    .   (no shield)
rNeg    . . .      Spirit   .   e - +0 ring mail
rPois   ∞          Reflect  .   c - +0 hat
rElec   .          Harm     .   (no cloak)
rCorr   .          Rampage  .   (no gloves)
Will    .....                   (boots unavailable)
Stlth   +.........              (no amulet)
HPRegen 0.09/turn               (no ring)
MPRegen 0.00/turn               (no ring)

@: flying, very slightly contaminated
A: sickness immunity, fire resistance 2, cold vulnerability 1, float, innate
caster, hp casting, extra vitality 1
a: Renounce Religion


You were on level 4 of the Dungeon.
You worshipped Wu Jian.
Wu Jian was aware of your devotion.
You visited 1 branch of the dungeon, and saw 3 of its levels.

You collected 51 gold pieces.

Inventory:

Hand Weapons
 a - a +0 dagger of venom (weapon)
Armour
 c - a +0 hat (worn)
 e - a +0 ring mail (worn)
Scrolls
 b - a scroll of vulnerability {unknown}
 d - 2 scrolls of identify {unknown}
 f - a scroll of amnesia {unknown}
 g - a scroll of acquirement {unknown}
 i - a scroll of magic mapping {unknown}
Potions
 h - a potion of curing


   Skills:
 * Level 1.2 Fighting
 + Level 0.8 Armour
 + Level 2.5 Dodging
 - Level 1.7 Stealth
 * Level 2.8 Spellcasting


You couldn't memorise any spells.
You knew the following spells:

 Your Spells              Type           Power      Damage    Failure   Level
a - Magic Dart            Conj           40%        1d5       17%         1
b - Blink                 Tloc           N/A        N/A       26%         2
c - Call Imp              Summ           10%        N/A       26%         2
d - Slow                  Hex            10%        N/A       26%         2
e - Conjure Flame         Conj/Fire      10%        6-21      45%         3
f - Mephitic Cloud        Conj/Pois/Air  10%        N/A       45%         3
g - Summon Small Mammal   Summ           40%        N/A       17%         1
Your spell library was empty.

Dungeon Overview and Level Annotations

Branches:
Dungeon (2/15)

Altars:
Wu Jian

Annotations:
D:4 Menkaure


Innate Abilities, Weirdness & Mutations

You are immune to sickness and miasma.
You are immune to poison.
Your flesh is very heat resistant. (rF++)
You are vulnerable to cold. (rC-)
You float through the air rather than walking.
You learn spells naturally, not from books.
Your magical power is your life essence.
You have superior vitality. (+4 HP)


Message History

Key pressed, stopping explore.
You are sucked into a shaft and drop 2 floors!
The shaft crumbles and collapses.
Menkaure, Prince of Dust comes into view.
Menkaure shouts!
You see here 10 bolts.
Okay, then.
Okay, then.
Casting: Slow (quite dangerous; 26% risk of failure)
Confirm with . or Enter, or press ? or * to list all spells.
Okay, then.
Casting: Slow (quite dangerous; 26% risk of failure)
Confirm with . or Enter, or press ? or * to list all spells.
The spell is quite dangerous to cast (26% risk of failure)!
Continue anyway?
A metallic apparition takes form in the air.
Menkaure barely misses your iron imp.
Your iron imp closely misses Menkaure.
Menkaure mumbles some strange words.
Menkaure seems to speed up.
Menkaure hits your iron imp!
Your iron imp dies!
Your iron imp disappears in a puff of smoke!
Casting: Call Imp (quite dangerous; 26% risk of failure)
Confirm with . or Enter, or press ? or * to list all spells.
Okay, then.
Casting: Call Imp (quite dangerous; 26% risk of failure)
Confirm with . or Enter, or press ? or * to list all spells.
The spell is quite dangerous to cast (26% risk of failure)!
Continue anyway?
You miscast Call Imp.
You are very lightly contaminated with residual magic.
Nothing appears to happen.
Menkaure calls on the powers of darkness!
Your body is wracked with pain!
Casting: Call Imp (quite dangerous; 26% risk of failure)
Confirm with . or Enter, or press ? or * to list all spells.
The spell is quite dangerous to cast (26% risk of failure)!
Continue anyway?
A shadowy apparition takes form in the air.
It was a potion of curing.
You feel better. Menkaure hits you!!
Ouch! That really hurt!
You die...

#########
.....5..####.##
#@M§.....
######.##


You could see Menkaure (fast, ally target) and a friendly shadow imp (summoned).

Vanquished Creatures
  2 dart slugs
  2 endoplasms (D:1)
  A giant cockroach (D:1)
  2 goblins (D:1)
  A hobgoblin (D:1)
  6 jackals (D:1)
  A kobold (D:1)
  3 quokkas (D:1)
  4 ball pythons (D:1)
  A bat (D:1)
  2 frilled lizards (D:1)
  A rat (D:1)
26 creatures vanquished.

Notes
Turn   | Place    | Note
-------+----------+-------------------------------------------
     0 | D:1      | runemasterragnar the Djinni Hedge Wizard began the quest
                  | for the Orb.
     0 | D:1      | Reached XP level 1. HP: 15/15 MP: 0/0
   453 | D:1      | Reached XP level 2. HP: 8/22 MP: 0/0
  1204 | D:1      | Reached skill level 1 in Fighting
  1325 | D:1      | Found a faded altar of an unknown god.
  1378 | D:1      | Prayed at the altar of an unknown god.
  1378 | D:1      | Became a worshipper of the Wu Jian Council
  1378 | D:1      | Reached * piety under Wu Jian
  1410 | D:1      | Reached XP level 3. HP: 24/27 MP: 0/0
  1410 | D:1      | Learned a level 1 spell: Summon Small Mammal
  1926 | D:2      | You are sucked into a shaft and drop 2 floors!
  1926 | D:4      | Noticed Menkaure
  1933 | D:4      | Slain by Menkaure

Illustrated notes

Levels and vault maps discovered:
D:1:      lightli_molten_gateway, layout_loops_ring,
          ebering_ecumenical_altar_hall
D:2:      layout_basic
D:4:      layout_loops_ring, minmay_quantized, uniq_menkaure

Skill      XL: |  1  2 |
---------------+-------+-----
Fighting       | 1 |  1.2
Armour         | |  0.8
Dodging        | |  2.5
Stealth        | |  1.7
Spellcasting   | |  2.8

Action                   || total
-------------------------++-------
Melee: Dagger            ||    45
 Cast: Magic Dart        ||    37
       Call Imp          ||     2
Invok: Lunge             ||     4
       Whirlwind         ||     2
  Use: Potion            ||     1
Armor: Robe              ||     4
       Ring mail         ||    15
Dodge: Dodged            ||    33

Table legend: (Time is in decaauts)
 A = Elapsed time spent in this place.
 B = Non-inter-level travel time spent in this place.
 C = Inter-level travel time spent in this place.
 D = Time resting spent in this place.
 E = Time spent auto-exploring this place.
 F = Levels seen in this place.
 G = Mean time per level.
                   A        B        C        D        E       F      G
               +--------+--------+--------+--------+--------+-----+--------+
         Total |   1931 |   1893 |     38 |    619 |   1038 |   3 |  643.7 |
       Dungeon |   1931 |   1893 |     38 |    619 |   1038 |   3 |  643.7 |
               +--------+--------+--------+--------+--------+-----+--------+

Top non-repeatable levels by time:
     D:1: 1892 daAuts
     D:2: 32 daAuts
     D:4: 6 daAuts
